 Dungeon Crawl Stone Soup version 0.31-a0-229-g1fc7ce93e2 (webtiles) character file.

Game seed: 86880020366603020

46 qw the Shooter (level 3, 0/29 HPs)
             Began as a Minotaur Hexslinger on July 6, 2023.
             Slain by Terence
             ... wielding a +0 mace
              (3 damage)
             ... on level 2 of the Dungeon.
             The game lasted 00:00:23 (858 turns).

qw the Shooter (Minotaur Hexslinger)                 Turns: 858, Time: 00:00:24

Health: 0/29       AC:  8    Str: 12    XL:     3   Next: 46%
Magic:  3/3        EV: 11    Int: 10    God:
Gold:   93         SH:  0    Dex: 14    Spells: 3/4 levels left

rFire   . . .        Y - +1 sling
rCold   . . .        (no shield)
rNeg    . . .        h - +0 ring mail
rPois   .            (helmet restricted)
rElec   .            (no cloak)
rCorr   .            g - +2 pair of gloves
SInv    .            (no boots)
Will    .....        (no amulet)
Stlth   +            (no ring)
HPRegen 0.24/turn    (no ring)
MPRegen 0.08/turn

%: no passive effects
@: no status effects
A: horns 2, retaliatory headbutt
a: no special abilities


You were on level 2 of the Dungeon.
You visited 1 branch of the dungeon, and saw 2 of its levels.

You collected 93 gold pieces.


Innate Abilities, Weirdness & Mutations

You have a pair of horns on your head.
You reflexively headbutt those who attack you in melee.


   Skills:
 - Level 2.0 Fighting
 - Level 4.0 Ranged Weapons
 + Level 0.0 Armour
 - Level 2.1 Dodging
 - Level 1.0 Spellcasting
 - Level 2.0 Hexes


You had 3 spell levels left.
You knew the following spells:

 Your Spells              Type           Power      Damage    Failure   Level
a - Slow                  Hex            16%        N/A       34%         1

Your spell library contained the following spells:

 Spells                   Type           Power      Damage    Failure   Level
 Inner Flame              Hex/Fire       2%         N/A       83%         3
 Portal Projectile        Hex/Tloc       4%         N/A       83%         3
 Cause Fear               Hex            2%         N/A       98%         4

Inventory:

Hand Weapons
 Y - a +1 sling (weapon)
Armour
 g - a +2 pair of gloves (worn)
 h - a +0 ring mail (worn)
Jewellery
 k - a ring of ice
Potions
 d - a potion of brilliance {unknown}
 e - a potion of invisibility {unknown}
 f - a potion of enlightenment {unknown}
 i - a potion of curing {unknown}
 l - a potion of might {unknown}

Dungeon Overview and Level Annotations

Branches:
Dungeon (2/15)

Altars:

Annotations:
D:2 Terence


Message History

Terence closely misses you. The adder bites you.
Terence hits you but does no damage.
You shoot a sling bullet.
The sling bullet closely misses the adder.
The adder bites you but does no damage. x2; Terence barely misses you.
You furiously retaliate!
You headbutt Terence! You shoot a sling bullet.
The sling bullet misses the adder.
The adder bites you but does no damage. Terence hits you but does no damage.
The adder bites you.
You are poisoned.
The adder poisons you!
You shoot a sling bullet. The sling bullet misses the adder.
You feel sick. Terence hits you with a +0 mace.
The adder bites you but does no damage. Terence misses you.
The adder bites you but does no damage.
You shoot a sling bullet.
The sling bullet closely misses the adder.
You feel sick. The adder bites you but does no damage.
Terence barely misses you.
You shoot a sling bullet.
The sling bullet barely misses the adder.
You feel sick. The adder bites you but does no damage.
Terence barely misses you. The adder bites you.
You shoot a sling bullet. The sling bullet hits the adder.
You kill the adder!
You feel sick. Terence hits you with a +0 mace.
The kobold hits you but does no damage. Terence hits you with a +0 mace.
Your Ranged Weapons skill increases to level 4!
You shoot a sling bullet. The sling bullet barely misses Terence.
You feel sick.
You are no longer poisoned.
The kobold closely misses you. You furiously retaliate!
You headbutt the kobold!
You kill the kobold!
Terence closely misses you.
You shoot a sling bullet. The sling bullet barely misses Terence.
Terence hits you with a +0 mace.
You shoot a sling bullet. The sling bullet hits Terence.
Terence is heavily wounded.
Terence hits you with a +0 mace.
You die...

(..........#
##..........#
...........
.........
......#
.....# #@)..#
########@...#
#...........#
#...........#
#...........#
#...........#
#.......#####
#.......#
#.......#
.###.......#


You could see Terence.

Vanquished Creatures
  An adder (D:2)
  2 dart slugs (D:1)
  2 endoplasms (D:1)
  2 giant cockroaches
  3 hobgoblins
  2 jackals (D:1)
  4 kobolds
  4 ball pythons
  4 bats
  A frilled lizard (D:1)
  4 goblins (D:1)
  3 rats (D:1)
32 creatures vanquished.

Notes
Turn   | Place    | Note
-------+----------+-------------------------------------------
     0 | D:1      | qw the Minotaur Hexslinger began the quest for the Orb.
     0 | D:1      | Reached XP level 1. HP: 16/16 MP: 1/1
     0 | D:1      | 0 ||| qw: Version: 0.3-a-46-gb1f654a
     0 | D:1      | 0 ||| qw: Game counter: 1511
     0 | D:1      | 0 ||| qw: Melee chars always use a shield: true
     0 | D:1      | 0 ||| qw: God list: Okawaru
     0 | D:1      | 0 ||| qw: Allow faded altars: false
     0 | D:1      | 0 ||| qw: Do Orc after clearing Dungeon:15 true
     0 | D:1      | 0 ||| qw: Do second Lair branch before Depths: true
     0 | D:1      | 0 ||| qw: Lair rune preference: random
     0 | D:1      | 0 ||| qw: Goals: Normal
     0 | D:1      | 0 ||| PLANNING D:1-11
   174 | D:1      | Reached skill level 3 in Ranged Weapons
   196 | D:1      | Reached XP level 2. HP: 23/23 MP: 2/2
   552 | D:1      | Reached XP level 3. HP: 29/29 MP: 3/3
   675 | D:1      | 675 ||| UPGRADING to +2 pair of gloves.
   680 | D:1      | 680 ||| UPGRADING to +0 ring mail.
   690 | D:1      | 690 ||| DROPPING +0 robe.
   691 | D:1      | 691 ||| READING 4 scrolls labelled ONUTUM HIQATU.
   692 | D:1      | 692 ||| DRINKING 2 fuming ruby potions.
   797 | D:1      | 797 ||| DROPPING 3 scrolls of amnesia.
   798 | D:1      | 798 ||| DROPPING scroll of poison.
   799 | D:1      | 799 ||| DROPPING potion of berserk rage.
   836 | D:2      | Noticed Terence
   855 | D:2      | HP: 5/29 [Terence/+0 mace (3)]
   856 | D:2      | Reached skill level 4 in Ranged Weapons
   857 | D:2      | HP: 2/29 [Terence/+0 mace (2)]
   858 | D:2      | Slain by Terence

Levels and vault maps discovered:
D:1:      erik_arrival_triangle_medium, layout_loops_ring, nrook_uturn,
          minmay_tromino_v2
D:2:      layout_basic, serial_shops, shop, basic_ecumenical_altar, uniq_terence

Skill      XL: |  1  2  3 |
---------------+----------+-----
Ranged Weapons | 3 4 |  4.0
Fighting       | 2 |  2.0
Dodging        | |  2.1
Spellcasting   | |  1.0
Hexes          | |  2.0

Action                     || total
---------------------------++-------
   Fire: Sling             ||    98
    Use: Scroll            ||     1
         Potion            ||     1
 Armour: Robe              ||     5
         Ring mail         ||    25
  Dodge: Dodged            ||    26

Table legend:
 A = Non-vault XP
 B = Vault XP
 C = Vault XP percentage of total XP
 D = Non-vault monster count
 E = Vault monster count
 F = Vault count percentage of total count
                 A         B        C        D         E       F
            +---------+---------+-------+---------+---------+-------
      Total |      66 |       1 |   1.5 |      31 |       1 |   3.1
            +---------+---------+-------+---------+---------+-------
        D:1 |      46 |       1 |   2.1 |      25 |       1 |   3.8
        D:2 |      20 |       0 |   0.0 |       6 |       0 |   0.0
            +---------+---------+-------+---------+---------+-------
